 Dungeon Crawl Stone Soup version 0.22.1-2-g9c5b331 (webtiles) character file.

147 Megacaesar the Insei (level 5, -1/28 HPs)
             Began as a Vine Stalker Monk on Dec 20, 2018.
             Slain by Purgy (3 damage)
             ... in a sewer.
             The game lasted 00:14:16 (3145 turns).

Megacaesar the Insei (Vine Stalker Monk)            Turns: 3145, Time: 00:14:17

Health: -1/28      AC:  5    Str: 14    XL:     5   Next: 29%
Magic:  0/6        EV: 13    Int: 10    God:
Gold:   201        SH:  0    Dex: 17    Spells: 4/4 levels left

rFire    . . .     SeeInvis .     - Unarmed
rCold    + . .     Gourm    .   (no shield)
rNeg     . . .     Faith    .   a - +0 robe
rPois    .         Spirit   +   e - +0 helmet
rElec    .         Reflect  .   (no cloak)
rCorr    .         Harm     .   d - +0 pair of gloves
MR       .....                  c - +0 pair of boots
Stlth    +.........             (no amulet)
HPRegen  0.49/turn              y - ring of protection from cold
MPRegen  0.10/turn              (no ring)

@: very slow
A: fangs 2, regeneration 1, magic shield, antimagic bite, no potion heal 3, rot
immunity
a: no special abilities


You were in a sewer.
You were not hungry.

You visited 1 branch of the dungeon, and saw 4 of its levels.
You also visited: Sewer.

You collected 201 gold pieces.

Inventory:

Armour
 a - a +0 robe (worn)
 c - a +0 pair of boots (worn)
 d - a +0 pair of gloves (worn)
 e - a +0 helmet (worn)
Jewellery
 y - a ring of protection from cold (left hand)
Wands
 x - a wand of iceblast (4)
Scrolls
 f - a scroll of enchant weapon
 j - 2 scrolls of immolation {unknown}
 l - 3 scrolls of fear {unknown}
 m - 4 scrolls of identify {unknown}
 n - a scroll of noise {unknown}
 o - 2 scrolls of remove curse {unknown}
 p - 2 scrolls of fog {unknown}
 t - a scroll of enchant armour {unknown}
 u - a scroll of teleportation {unknown}
 w - a scroll of magic mapping {unknown}
Potions
 g - 4 potions of might {unknown}
 h - a potion of flight {unknown}
 k - a potion of lignification {unknown}
 q - a potion of agility {unknown}
 s - 3 potions of mutation {unknown}
 v - a potion of haste {unknown}
 z - 2 potions of heal wounds {unknown}
Comestibles
 b - 11 rations
 r - 9 chunks of flesh


   Skills:
 + Level 2.9 Fighting
 + Level 2.8 Dodging
 + Level 3.1 Stealth
 * Level 5.1 Unarmed Combat


You had 4 spell levels left.
You didn't know any spells.
Your spell library was empty.

Dungeon Overview and Level Annotations

Branches:
Dungeon (4/15)
 Temple: D:4-7

Altars:
Elyvilon
Zin

Annotations:
Sewer Purgy


Innate Abilities, Weirdness & Mutations

You have extremely sharp teeth.
Your natural rate of healing is unusually fast.
When hurt, damage is shared between your health and your magic reserves.
Your bite disrupts and absorbs the magic of your enemies.
Potions cannot restore your health.
You are immune to rotting.


Message History

Aiming: Iceblast
Press: ? - help, Shift-Dir - straight line The mass of ice explodes!
The iceblast engulfs Purgy.
Purgy is moderately wounded.
You hear a shout! x2
Something unseen opens the door.
A kobold opens the door.
Purgy misses you. Purgy barely misses you. x2
You don't know any spells.
Sorry, you're not good enough to have a special ability.
Evoke which item? (* to show all) (? for menu, Esc to quit)
Okay, then.
Sorry, you're not good enough to have a special ability.
Evoke which item? (* to show all) (? for menu, Esc to quit)
Aiming: Iceblast
Press: ? - help, Shift-Dir - straight line The mass of ice explodes!
The iceblast engulfs Purgy.
Purgy is severely wounded.
A kobold comes into view. It is wielding a club.
Purgy bites you.
You die...

## ############ #!
#.##.##.##.# # #.
#.##.##.##.#
+##K##'##'##'##'##'#
...................######
≈≈≈≈≈≈≈≈≈.≈≈≈≈≈≈≈≈≈#≈≈≈≈≈
≈≈≈≈≈≈≈≈≈T≈≈≈≈≈≈≈≈≈#≈≈≈≈≈
≈≈≈≈≈≈≈≈@.≈≈≈≈≈≈≈≈≈#≈≈≈≈≈
...................######
+##+##K##.##+##+##+# #.
#.# # #∩# ###


You could see Purgy and 2 kobolds.

Vanquished Creatures
  A hound skeleton (D:4)
  4 adders
  A river rat (D:4)
  A worm (D:3)
  2 dart slugs (D:1)
  A leopard gecko (D:4)
  5 orcs
  7 giant cockroaches
  10 goblins
  4 hobgoblins
  10 jackals
  6 kobolds
  6 bats
  7 frilled lizards
  A leopard gecko skeleton (D:4)
  7 rats
73 creatures vanquished.

Notes
Turn   | Place    | Note
-------+----------+-------------------------------------------
     0 | D:1      | Megacaesar the Vine Stalker Monk began the quest for the
                  | Orb.
     0 | D:1      | Reached XP level 1. HP: 11/11 MP: 2/2
   115 | D:1      | Reached XP level 2. HP: 16/16 MP: 3/3
   555 | D:1      | Reached XP level 3. HP: 19/19 MP: 4/4
  1285 | D:2      | Found a glowing silver altar of Zin.
  1550 | D:2      | Reached skill level 4 in Unarmed Combat
  2055 | D:3      | Gained mutation: Your natural rate of healing is unusually
                  | fast. [Vine Stalker growth]
  2055 | D:3      | Reached XP level 4. HP: 8/23 MP: 5/5
  2764 | D:4      | Found a white marble altar of Elyvilon.
  2781 | D:4      | Reached XP level 5. HP: 25/28 MP: 4/6
  2845 | D:4      | Reached skill level 5 in Unarmed Combat
  2965 | D:4      | Noticed an ogre
  3061 | D:4      | Found a glowing drain.
  3081 | Sewer    | Entered a sewer
  3132 | Sewer    | Noticed Purgy
  3139 | Sewer    | HP: 1/28 [Purgy (2)]
  3145 | Sewer    | Slain by Purgy

Skill      XL: |  1  2  3  4  5 |
---------------+----------------+-----
Unarmed Combat | 4 5 |  5.1
Stealth        | 3 |  3.1
Fighting       | |  2.9
Dodging        | |  2.8

Action                   |  1- 3 |  4- 6 || total
-------------------------+-------+-------++-------
Melee: Unarmed           |   128 |   109 ||   237
       Bite              |    33 |    28 ||    61
       Punch             |     1 |     2 ||     3
Evoke: Wand              |       |     2 ||     2
  Use: Scroll            |       |     2 ||     2
 Stab: Sleeping          |     4 |     4 ||     8
  Eat: Chunk             |     4 |     3 ||     7
Armor: Robe              |    16 |    23 ||    39
Dodge: Dodged            |    81 |    75 ||   156
